 Dungeon Crawl Stone Soup version 0.25-a0-587-gb4d47b2 (webtiles) character file.

Game seed: 15930372379762122237, levelgen mode: deterministic

3780 Faels the Basher (level 9, -5/63 HPs)
             Began as a Demonspawn Monk on Mar 8, 2020.
             Was a Priest of Okawaru.
             Slain by a two-headed ogre
             ... wielding a +0 giant spiked club
              (26 damage)
             ... on level 8 of the Dungeon.
             The game lasted 00:23:07 (9462 turns).

Faels the Basher (Demonspawn Monk)                  Turns: 9462, Time: 00:23:07

Health: -5/63      AC: 11    Str: 12    XL:     9   Next: 95%
Magic:  7/9        EV:  9    Int: 12    God:    Okawaru [***...]
Gold:   566        SH:  0    Dex: 18    Spells: 8/8 levels left

rFire    + . .     SeeInvis .   F - +3 mace of Tehomusm {vorpal, rF+ rC+}
rCold    + + .     Gourm    .   (no shield)
rNeg     . . .     Faith    .   b - +0 chain mail
rPois    +         Spirit   .   (no helmet)
rElec    .         Reflect  .   (no cloak)
rCorr    .         Harm     .   (no gloves)
MR       .....                  (no boots)
Stlth    ..........             Q - amulet of rage
HPRegen  0.20/turn              t - ring of poison resistance
MPRegen  0.11/turn              N - ring of protection from cold

@: heroism
A: hooves 2, icy blue scales 1, powered by pain 2, spiny 1
a: Heroism, Renounce Religion, Evoke Berserk Rage


You were on level 8 of the Dungeon.
You worshipped Okawaru.
Okawaru was most pleased with you.
You were very hungry.

You visited 2 branches of the dungeon, and saw 9 of its levels.
You also visited: Sewer.

You collected 566 gold pieces.

Inventory:

Hand Weapons
 j - a +1 quarterstaff
 l - a +0 hand crossbow
 m - a +1 hand axe of distortion
 p - a +0 hunting sling
 w - a +2 vorpal hunting sling
 z - a +2 vorpal trident
 F - the +3 mace of Tehomusm (weapon) {vorpal, rF+ rC+}
   (You found it on level 4 of the Dungeon)

   It inflicts extra damage upon your enemies.
   It protects you from fire.
   It protects you from cold.
 G - a +0 war axe of electrocution
 K - a +0 vorpal long sword
Missiles
 f - a throwing net
 C - 35 poisoned darts (quivered)
 J - 6 boomerangs
 P - a silver boomerang
Armour
 b - a +0 chain mail (worn)
 g - a +1 ring mail
 h - a +0 pair of boots
Magical Staves
 M - an uncursed staff of wizardry {unknown}
Jewellery
 t - a ring of poison resistance (left hand)
 A - an uncursed ring of flight
 N - a ring of protection from cold (right hand)
 Q - an amulet of rage (around neck)
Wands
 y - a wand of clouds (5)
 D - a wand of iceblast (17)
 H - a wand of flame (11)
Scrolls
 e - 3 scrolls of teleportation
 o - 7 scrolls of blinking
 q - a scroll of enchant armour
 v - 2 scrolls of fog
 B - a scroll of amnesia
 E - 3 scrolls of remove curse
 I - a scroll of magic mapping
 L - a scroll of holy word
Potions
 a - a potion of mutation {unknown}
 d - 4 potions of curing
 i - a potion of might {unknown}
 k - 2 potions of lignification
 n - 3 potions of stabbing
 r - 5 potions of magic
 s - 2 potions of berserk rage {unknown}
 u - 5 potions of heal wounds
 x - a potion of haste {unknown}
 O - a potion of resistance {unknown}
Comestibles
 c - 19 rations


   Skills:
 - Level 3.0(8.0) Fighting
   Level 2.9(7.9) Short Blades
 + Level 11.1(16.7) Maces & Flails
 - Level 6.4(14.6) Staves
 - Level 2.6(7.6) Dodging
 - Level 1.7(6.7) Stealth


You had 8 spell levels left.
You didn't know any spells.
Your spell library contained the following spells:

 Spells                   Type           Power        Failure   Level  Hunger
 Magic Dart               Conj           #...         100%        1    ##.....
 Shock                    Conj/Air       #...         100%        1    ##.....
 Blink                    Tloc           N/A          100%        2    ###....
 Call Imp                 Summ           #.......     100%        2    ###....
 Slow                     Hex            #.......     100%        2    ###....
 Swiftness                Chrm/Air       #.......     100%        2    ###....
 Conjure Flame            Conj/Fire      #.......     100%        3    ####...
 Mephitic Cloud           Conj/Pois/Air  #.......     100%        3    ####...
 Static Discharge         Conj/Air       #.......     100%        3    ####...
 Airstrike                Air            #.........   100%        4    #####..
 Lightning Bolt           Conj/Air       #.........   100%        5    ######.


Dungeon Overview and Level Annotations

Branches:
Dungeon (8/15)             Temple (1/1) D:6           Sewer (visited)
   Lair: D:8-11

Altars:
Cheibriados
Dithmenos
Elyvilon
Gozag
Kikubaaqudgha
Okawaru
Sif Muna
Uskayaw


Innate Abilities, Weirdness & Mutations

You have hoof-like feet.
You are partially covered in icy blue scales. (AC +2)
You sometimes gain power by taking damage.
You are partially covered in sharp spines.


Message History

The two-headed ogre is lightly wounded.
The two-headed ogre is struck by your spines.
The two-headed ogre hits you with a +0 giant spiked club.
The two-headed ogre barely misses you.
You sock the two-headed ogre!
You kick the two-headed ogre, but do no damage.
The two-headed ogre is heavily wounded.
You hit the two-headed ogre. Your kick misses the two-headed ogre.
You punch the two-headed ogre, but do no damage.
The two-headed ogre is severely wounded.
The two-headed ogre hits you with a +0 giant spiked club!!
The two-headed ogre barely misses you.
You barely miss the two-headed ogre.
You kick the two-headed ogre, but do no damage.
The two-headed ogre is severely wounded.
You sock the two-headed ogre!
The two-headed ogre is severely wounded.
The two-headed ogre closely misses you.
The two-headed ogre hits you with a +0 giant spiked club!!
You die...

#.......#.# . ^.##
#.........#.. .#
#...≈≈..#...######
#...≈.....#.#....#
#.≈≈≈..<#.......=[
#...≈..##.#.......
#.≈≈≈≈....#.((.(
#.≈≈......#(.##.#.
#........@O.......
#......##.......#.
#......###..#.###
#......# #......
######## #..#.###
.....# #.#### ..)


You could see a two-headed ogre.

Vanquished Creatures
  Prince Ribbit (D:8)
  A wyvern (D:8)
  A hungry ghost (D:7)
  A water moccasin (D:6)
  A sky beast (D:8)
  2 phantoms
  2 ice beasts
  3 orc warriors
  3 ogres
  5 centaurs
  A crocodile (D:8)
  Blork the orc (D:5)
  5 bullfrogs
  4 scorpions
  A howler monkey (D:5)
  An electric eel (D:8)
  5 crimson imps
  3 bullfrog skeletons
  An orc priest (D:6)
  5 hounds
  A jelly (D:6)
  4 orc wizards
  3 iguanas
  5 worker ants
  A hound skeleton (D:6)
  A mummy (D:5)
  A worker ant zombie (D:6)
  10 adders
  2 river rats (Sewer)
  2 oozes
  A worm (D:3)
  2 dart slugs
  6 leopard geckos
  34 orcs
  7 bats
  10 giant cockroaches
  3 goblins
  4 hobgoblins
  7 jackals
  3 quokkas
  13 ball pythons (Sewer)
  4 frilled lizards
  A hobgoblin zombie (D:5)
  7 kobolds
  A kobold zombie (D:5)
  2 orc zombies (D:5)
  35 rats
217 creatures vanquished.

Notes
Turn   | Place    | Note
-------+----------+-------------------------------------------
     0 | D:1      | Faels the Demonspawn Monk began the quest for the Orb.
     0 | D:1      | Reached XP level 1. HP: 18/18 MP: 1/1
   268 | D:1      | Reached skill level 1 in Staves
   270 | D:1      | Gained mutation: You are partially covered in sharp spines.
                  | [demonic ancestry]
   270 | D:1      | Reached XP level 2. HP: 20/24 MP: 2/2
  1148 | D:2      | Found an opulent altar of Gozag.
  1447 | D:2      | Gained mutation: You sometimes gain a little power by
                  | taking damage. [demonic ancestry]
  1447 | D:2      | Reached XP level 3. HP: 24/29 MP: 3/3
  1883 | D:3      | Gained mutation: You have large cloven feet. [demonic
                  | ancestry]
  1883 | D:3      | Reached XP level 4. HP: 35/35 MP: 4/4
  1946 | D:3      | Found a glowing drain.
  1965 | Sewer    | Entered a sewer
  2346 | Sewer    | Gained mutation: You sometimes gain power by taking damage.
                  | [demonic ancestry]
  2346 | Sewer    | Reached XP level 5. HP: 38/41 MP: 5/5
  2696 | Sewer    | Reached skill level 5 in Staves
  2696 | Sewer    | Reached XP level 6. HP: 29/47 MP: 6/6
  3128 | D:3      | You fall into a shaft and drop 1 floor!
  3268 | D:3      | Found a white marble altar of Elyvilon.
  3460 | D:3      | Found a shimmering blue altar of Sif Muna.
  4223 | D:4      | Got a crystal mace
  4224 | D:4      | Identified the +3 mace of Tehomusm {vorpal, rF+ rC+} (You
                  | found it on level 4 of the Dungeon)
  4491 | D:5      | Entered Level 5 of the Dungeon
  4491 | D:5      | Found a snail-covered altar of Cheibriados.
  4551 | D:5      | Reached skill level 1 in Maces & Flails
  4551 | D:5      | Reached XP level 7. HP: 52/52 MP: 7/7
  4558 | D:4      | Reached skill level 2 in Maces & Flails
  4804 | D:4      | Reached skill level 3 in Maces & Flails
  5041 | D:5      | Noticed Blork the orc
  5064 | D:5      | Killed Blork the orc
  5064 | D:5      | Reached skill level 4 in Maces & Flails
  5503 | D:5      | Found an ancient bone altar of Kikubaaqudgha.
  5503 | D:5      | Found a shadowy altar of Dithmenos.
  5690 | D:5      | Reached skill level 5 in Maces & Flails
  5690 | D:5      | Gained mutation: You have hoof-like feet. [demonic
                  | ancestry]
  5690 | D:5      | Reached XP level 8. HP: 32/58 MP: 8/8
  6004 | D:6      | Found a hide-covered altar of Uskayaw.
  6060 | D:6      | Reached skill level 6 in Maces & Flails
  6303 | D:5      | Upgraded the game from 0.25-a0-583-g696c2ac to
                  | 0.25-a0-587-gb4d47b2
  6647 | D:6      | Reached skill level 7 in Maces & Flails
  6658 | D:6      | Found a staircase to the Ecumenical Temple.
  6669 | Temple   | Entered the Ecumenical Temple
  6755 | Temple   | Became a worshipper of Warmaster Okawaru
  6755 | Temple   | Reached * piety under Okawaru
  6755 | Temple   | Reached ** piety under Okawaru
  7115 | D:6      | Reached skill level 8 in Maces & Flails
  7454 | D:6      | Gained mutation: You are partially covered in icy blue
                  | scales. (AC +2) [demonic ancestry]
  7454 | D:6      | Reached XP level 9. HP: 63/63 MP: 9/9
  7898 | D:7      | Reached skill level 9 in Maces & Flails
  8021 | D:7      | Reached *** piety under Okawaru
  8742 | D:8      | Reached skill level 10 in Maces & Flails
  9061 | D:8      | Noticed Prince Ribbit
  9076 | D:8      | Killed Prince Ribbit
  9215 | D:8      | Reached skill level 11 in Maces & Flails
  9449 | D:8      | Noticed a two-headed ogre
  9462 | D:8      | Slain by a two-headed ogre

Levels and vault maps discovered:
D:1:      lordsloth_arrival_two_stooges, layout_basic, minivault_5
D:2:      layout_basic, grunt_gozag_breadcrumbs, minivault_27,
          minmay_pentomino_p4
D:3:      layout_rooms, lemuel_coloured_pillars_altar, lemuel_doored_altar,
          gup_sewer_entry_pipe, first_ration
D:4:      layout_layer_cave
D:5:      layout_rooms, gammafunk_temple_overflow_elements, cheibriados_altar_1,
          minmay_mini_ossuary, uniq_blork_the_orc
D:6:      minmay_chambers_of_sixes, layout_cave_pools, kennysheep_mini,
          temple_fountains, hangedman_abyss_or_decor_lesser_grid
D:7:      layout_rooms
D:8:      layout_basic, uniq_prince_ribbit1
Temple:   regret_index_temple_generic_petals

Skill      XL: |  1  2  3  4  5  6  7  8  9 |
---------------+----------------------------+-----
Staves         | 1 2 3 4 5 6 |  6.4
Maces & Flails | 1 5 8 11 | 11.1
Fighting       | |  3.0
Short Blades   | |  2.9
Dodging        | |  2.6
Stealth        | |  1.7

Action                   |  1- 3 |  4- 6 |  7- 9 || total
-------------------------+-------+-------+-------++-------
Melee: Short sword       |    23 |       |       ||    23
       Quarterstaff      |    62 |   138 |       ||   200
       Mace              |       |     7 |   290 ||   297
       Kick              |       |       |    24 ||    24
       Punch             |       |       |     1 ||     1
Throw: Dart              |       |       |    12 ||    12
Invok: Heroism           |       |       |     1 ||     1
Evoke: Wand              |       |       |     1 ||     1
  Use: Scroll            |     2 |     7 |     9 ||    18
       Potion            |       |     3 |     3 ||     6
 Stab: Sleeping          |     1 |       |       ||     1
  Eat: Chunk             |     3 |     6 |    15 ||    24
       Ration            |       |     1 |       ||     1
Armor: Ring mail         |    22 |    47 |    19 ||    88
       Robe              |     1 |       |       ||     1
       Chain mail        |       |       |   102 ||   102
Dodge: Dodged            |    51 |    81 |   124 ||   256

Table legend:
 A = Non-vault XP
 B = Vault XP
 C = Vault XP percentage of total XP
 D = Non-vault monster count
 E = Vault monster count
 F = Vault count percentage of total count
                 A         B        C        D         E       F
            +---------+---------+-------+---------+---------+-------
      Total |    4293 |    1107 |  20.5 |     148 |      69 |  31.8
            +---------+---------+-------+---------+---------+-------
        D:1 |      31 |       0 |   0.0 |      19 |       0 |   0.0
        D:2 |      59 |       4 |   6.3 |      10 |       2 |  16.7
        D:3 |     109 |      17 |  13.5 |      31 |       7 |  18.4
        D:4 |     423 |       0 |   0.0 |       6 |       0 |   0.0
        D:5 |     408 |     125 |  23.5 |      10 |       6 |  37.5
        D:6 |    1328 |     375 |  22.0 |      24 |       5 |  17.2
        D:7 |     592 |       0 |   0.0 |      23 |       0 |   0.0
        D:8 |    1343 |     283 |  17.4 |      25 |       1 |   3.8
      Sewer |       0 |     303 | 100.0 |       0 |      48 | 100.0
            +---------+---------+-------+---------+---------+-------
